 Dungeon Crawl Stone Soup version 0.23.2-33-g5129a83184 (webtiles) character file.

Game seed: 12528160769455413117

3045 MalarOregon the Spear-Bearer (level 9, -4/111 HPs)
             Began as a Merfolk Skald on Aug 8, 2019.
             Was an Initiate of Gozag.
             Slain by a warg (11 damage)
             ... on level 7 of the Dungeon.
             The game lasted 00:12:28 (7743 turns).

MalarOregon the Spear-Bearer (Merfolk Skald)        Turns: 7743, Time: 00:12:28

Health: -4/111     AC:  9    Str: 23    XL:     9   Next: 87%
Magic:  12/12      EV: 15    Int: 13    God:    Gozag
Gold:   736        SH:  0    Dex: 13    Spells: 11/12 levels left

rFire    . . .     SeeInvis .   a - +2 spear (venom)
rCold    . . .     Gourm    .   (no shield)
rNeg     . . .     Faith    .   q - +2 scale mail {rPois}
rPois    +         Spirit   .   g - +0 helmet
rElec    .         Reflect  .   (no cloak)
rCorr    .         Harm     .   (no gloves)
MR       .....                  (no boots)
Stlth    ..........             o - amulet of regeneration
HPRegen  0.68/turn              h - ring of flight
MPRegen  0.13/turn              l - +4 ring of strength

@: berserking, gold aura, very quick
A: change form in water, swift swim, stealthy swim
a: Potion Petition, Call Merchant, Bribe Branch, Renounce Religion, Evoke Flight


You were on level 7 of the Dungeon.
You worshipped Gozag.
Gozag was pleased with you.
You were not hungry.

You visited 2 branches of the dungeon, and saw 9 of its levels.

You collected 836 gold pieces.
You spent 47 gold pieces at shops.
You paid 53 gold pieces to Gozag.

Inventory:

Hand Weapons
 a - a +2 spear of venom (weapon)
   (You took it off a gnoll on level 5 of the Dungeon)
Armour
 g - a +0 helmet (worn)
   (You found it on level 1 of the Dungeon)
 q - a +2 scale mail of poison resistance (worn)
   (You took it off Duvessa on level 6 of the Dungeon)
Jewellery
 f - a +2 amulet of reflection
   (You took it off a gnoll on level 5 of the Dungeon)
 h - a ring of flight (left hand)
   (You found it on level 1 of the Dungeon)
 l - a +4 ring of strength (right hand)
   (You found it on level 3 of the Dungeon)
 o - an amulet of regeneration (around neck)
   (You found it on level 3 of the Dungeon)
Scrolls
 b - a scroll of fog
 c - 4 scrolls of teleportation {@r4}
 d - 3 scrolls of amnesia
 j - 4 scrolls of remove curse {@r2}
Potions
 i - a potion of invisibility
 m - 2 potions of flight
 n - a potion of curing {@q1}
 p - 4 potions of mutation {!q}
Comestibles
 e - 12 rations {!d}


   Skills:
 + Level 7.8 Fighting
 + Level 12.6 Polearms
 + Level 1.8 Armour
 + Level 9.3 Dodging
 - Level 2.0 Spellcasting
 - Level 3.2 Charms


You had 11 spell levels left.
You knew the following spells:

 Your Spells              Type           Power        Failure   Level  Hunger
a - Infusion              Chrm           #...         17%         1    ##.....

Your spell library contained the following spells:

 Spells                   Type           Power        Failure   Level  Hunger
 Song of Slaying          Chrm           #.......     26%         2    ###....
 Shroud of Golubria       Chrm/Tloc      #.........   45%         2    ###....
 Corona                   Hex            #......      54%         1    ##.....
 Ensorcelled Hibernation  Hex/Ice        #.....       67%         2    ###....
 Regeneration             Chrm/Necr      #.........   69%         3    ####...
 Spectral Weapon          Hex/Chrm       #.......     69%         3    ####...
 Confuse                  Hex            #.......     88%         3    ####...
 Dazzling Spray           Conj/Hex       #.....       88%         3    ####...
 Tukima's Dance           Hex            #.......     88%         3    ####...


Dungeon Overview and Level Annotations

Branches:
Dungeon (8/15)             Temple (1/1) D:5            Lair (0/6) D:8

Altars:
Ashenzari
Cheibriados
Dithmenos
Elyvilon
Fedhas
Gozag
Hepliaklqana
Kikubaaqudgha
Makhleb
Nemelex Xobeh
Okawaru
Qazlal
Ru
Sif Muna
Trog
Uskayaw
Vehumet
Wu Jian
Xom
Yredelemnul
Zin
The Shining One

Shops:
D:4 (*[

Annotations:
D:5 1 runed translucent door, Crazy Yiuf


Message History

You feel sick.
The warg is no longer distracted by gold.
The warg barely misses you.
You feel sick.
You are no longer poisoned.
The warg pauses to sniff the ground.
The warg misses you.
There is a stone staircase leading up here.
The warg misses you. The warg bites you.
You climb upwards.
There is a stone staircase leading down here.
You hit the warg but do no damage. The warg bites you. The warg bites you!
* * * LOW HITPOINT WARNING * * *
You closely miss the warg. The warg barely misses you.
You hit the warg. The warg bites you!
* * * LOW HITPOINT WARNING * * *
The warg bites you but does no damage. x2
The warg bites you.
* * * LOW HITPOINT WARNING * * *
The warg bites you!
* * * LOW HITPOINT WARNING * * *
You feel much better. The warg bites you.
* * * LOW HITPOINT WARNING * * *
The warg barely misses you. The warg misses you. The warg bites you!
* * * LOW HITPOINT WARNING * * *
A red film seems to cover your vision as you go berserk!
You feel yourself moving faster!
You feel mighty! The warg bites you but does no damage.
The warg closely misses you. The warg misses you.
Unknown command.
You puncture the warg! You barely miss the warg.
The warg bites you but does no damage. The warg closely misses you.
Your scale mail prevents you from hitting the warg.
You closely miss the warg. The warg misses you.
You puncture the warg! The warg bites you!
* * * LOW HITPOINT WARNING * * *
You puncture the warg!
You kill the warg!
Unknown command.
You hit the warg. The warg bites you.
* * * LOW HITPOINT WARNING * * *
You hit the warg.
The warg is poisoned.
You closely miss the warg. The warg barely misses you.
You closely miss the warg.
Unknown command.
You hit the warg. The warg bites you!
You die...
Your body crumbles into a pile of gold.

#............# #.
#............###### #.
#.................# #.
#.................# #.
#.................# #.
#.................####### #.
#..............>........# #.
#.............(.$h......# #.
#...............@.......# #.
#.......................# #.
#.......................########.
#.................#####..........
#.................#...#..........
#.................#...#..........
#.................'...#..........
#.................#...#..........
#.................#...#..........


You could see a warg.

Vanquished Creatures
  Grinder (D:6)
  2 hippogriffs
  Sigmund (D:5)
  Eustachio (D:6)
  A warg (D:7)
  Duvessa (D:6)
  An ice beast (D:5)
  An orc warrior (D:6)
  A phantom (D:5)
  3 centaurs
  3 ogres
  2 bullfrogs
  Dowan (D:6)
  A scorpion (D:8)
  A howler monkey (D:6)
  3 crimson imps
  6 hounds
  A bullfrog zombie (D:7)
  2 orc priests
  3 orc wizards (D:7)
  2 bullfrog skeletons (D:6)
  An iguana (D:7)
  7 worker ants
  4 gnolls (D:5)
  9 adders
  2 oozes (D:2)
  3 dart slugs
  A worm (D:4)
  4 leopard geckos
  14 orcs
  A ball python (D:1)
  5 bats
  6 giant cockroaches
  6 goblins
  7 hobgoblins
  28 jackals
  7 kobolds
  2 quokkas (D:7)
  A ball python skeleton (D:4)
  A frilled lizard (D:5)
  A leopard gecko zombie (D:6)
  8 rats
156 creatures vanquished.

Notes
Turn   | Place    | Note
-------+----------+-------------------------------------------
     0 | D:1      | MalarOregon the Merfolk Skald began the quest for the Orb.
     0 | D:1      | Reached XP level 1. HP: 16/16 MP: 3/3
   270 | D:1      | Reached XP level 2. HP: 17/23 MP: 5/5
   654 | D:1      | Reached skill level 4 in Polearms
   661 | D:1      | Reached XP level 3. HP: 13/28 MP: 6/6
   914 | D:1      | Found a hazy altar of Hepliaklqana.
   938 | D:1      | Found a blossoming altar of Fedhas.
   938 | D:1      | Found a shimmering altar of Xom.
   941 | D:1      | Found a bloodstained altar of Trog.
   941 | D:1      | Found a shadowy altar of Dithmenos.
   941 | D:1      | Found an opulent altar of Gozag.
  1356 | D:2      | Noticed an ogre
  1702 | D:2      | Reached XP level 4. HP: 27/35 MP: 7/7
  1790 | D:2      | Reached skill level 5 in Polearms
  2153 | D:2      | Found a hide-covered altar of Uskayaw.
  2156 | D:2      | Noticed a -2 hand axe
  2156 | D:2      | Noticed a +0 dagger
  2771 | D:2      | Killed an ogre
  2771 | D:2      | Reached skill level 6 in Polearms
  2771 | D:2      | Reached XP level 5. HP: 15/41 MP: 8/8
  3603 | D:3      | HP: 3/63 [orc priest/+0 whip (4)]
  3609 | D:3      | HP: 2/63 [orc priest/+0 whip (2)]
  3612 | D:3      | Reached XP level 6. HP: 2/48 MP: 9/9
  3759 | D:4      | Found Qasanog's Antique Weapon Emporium.
  3792 | D:4      | Found Ymni's Assorted Antiques.
  3801 | D:4      | Reached skill level 7 in Polearms
  3871 | D:4      | Reached skill level 5 in Dodging
  3875 | D:4      | Found Fidiomie's Armour Boutique.
  4004 | D:4      | Reached XP level 7. HP: 54/55 MP: 10/10
  4131 | D:4      | Bought a scroll labeled UNEELA HIDOUCI for 25 gold pieces
  4131 | D:4      | Bought a bubbling amethyst potion for 22 gold pieces
  4164 | D:5      | Entered Level 5 of the Dungeon
  4191 | D:5      | Reached skill level 8 in Polearms
  4271 | D:5      | Found a staircase to the Ecumenical Temple.
  4294 | Temple   | Entered the Ecumenical Temple
  4323 | Temple   | Became a worshipper of Gozag Ym Sagoz the Greedy
  5081 | D:5      | Noticed Sigmund
  5190 | D:5      | Killed Sigmund
  5190 | D:5      | Reached skill level 5 in Fighting
  5190 | D:5      | Reached skill level 9 in Polearms
  5190 | D:5      | Reached XP level 8. HP: 62/62 MP: 11/11
  5549 | D:5      | Found a runed translucent door.
  5550 | D:5      | Noticed Crazy Yiuf
  6048 | D:6      | Noticed Duvessa
  6069 | D:6      | Killed Duvessa
  6069 | D:6      | Reached skill level 10 in Polearms
  6069 | D:6      | Noticed Dowan
  6086 | D:6      | Killed Dowan
  6413 | D:6      | Reached skill level 11 in Polearms
  6438 | D:6      | Reached XP level 9. HP: 30/71 MP: 12/12
  6525 | D:6      | Found a glowing silver altar of Zin.
  6687 | D:6      | Noticed Grinder
  6687 | D:6      | Paralysed by Grinder for 4 turns
  6717 | D:6      | Killed Grinder
  6790 | D:6      | Noticed Eustachio
  6806 | D:6      | Killed Eustachio
  6806 | D:6      | Reached skill level 12 in Polearms
  7218 | D:7      | Reached skill level 1 in Armour
  7707 | D:8      | Found a staircase to the Lair.
  7743 | D:7      | Slain by a warg

Skill      XL: |  1  2  3  4  5  6  7  8  9 |
---------------+----------------------------+-----
Dodging        | 3 4 5 6 7 9 |  9.3
Polearms       | 4 6 7 9 11 12 | 12.6
Fighting       | 3 4 5 6 7 |  7.8
Armour         | 1 |  1.8
Spellcasting   | |  2.0
Charms         | |  3.2

Action                   |  1- 3 |  4- 6 |  7- 9 || total
-------------------------+-------+-------+-------++-------
Melee: Spear             |   142 |   316 |   508 ||   966
  Use: Scroll            |       |     8 |    10 ||    18
       Potion            |       |     1 |     3 ||     4
 Stab: Sleeping          |     1 |     1 |       ||     2
       Distracted        |       |       |     2 ||     2
  Eat: Chunk             |     2 |     8 |     2 ||    12
       Ration            |       |       |     3 ||     3
Armor: Leather armour    |    20 |    46 |       ||    66
       Scale mail        |       |    20 |    83 ||   103
Dodge: Dodged            |    73 |   172 |   166 ||   411
